 Dungeon Crawl Stone Soup version 0.12.2-8-g1913ee5 (webtiles) character file.

798 Indrah the Ruinous (level 7, 0/61 HPs)
             Began as a Troll Conjurer on June 25, 2013.
             Was a Follower of Cheibriados.
             Slain by a wyvern zombie (9 damage)
             ... on Level 5 of the Dungeon.
             The game lasted 00:24:11 (3181 turns).

Indrah the Ruinous (Troll Conjurer)                 Turns: 3181, Time: 00:24:11

HP   0/61        AC  5     Str 19      XL: 7   Next: 27%
MP   6/8         EV 10     Int 15      God: Cheibriados [*.....]
Gold 153         SH  0     Dex 12      Spells:  3 memorised,  4 levels left

Res.Fire  : . . .   See Invis. : .     - Unarmed
Res.Cold  : . . .   Warding    : .   D - +0 orc robe (curse)
Life Prot.: . . .   Conserve   : .   (shield restricted)
Res.Poison: .       Res.Corr.  : .   (helmet restricted)
Res.Elec. : .       Clarity    : .   (no cloak)
Sust.Abil.: . .     Spirit.Shd : .   (gloves unavailable)
Res.Mut.  : .       Stasis     : .   (boots unavailable)
Res.Rott. : .       Ctrl.Telep.: .   (no amulet)
Gourmand  : +       Flight     : .   (no ring)
                                     (no ring)

@: about to teleport, very slow, slightly resistant to hostile enchantments,
unstealthy
A: unfitting armour, claws 3, fast metabolism 3, gourmand, regeneration 2,
saprovore 2, tough skin 2, AC +1
a: Bend Time, Renounce Religion


You were on level 5 of the Dungeon.
You worshipped Cheibriados.
Cheibriados was pleased with you.
You were completely stuffed.

You visited 1 branch of the dungeon, and saw 5 of its levels.

You collected 133 gold pieces.

Inventory:

Hand weapons
 m - a +0,+0 sling
 t - a +4,+0 elven dagger of freezing
 u - a cursed -1,+1 orcish trident
 v - a +0,+0 sling
 y - a +2,+1 sling
Missiles
 a - 20 arrows
 e - 29 stones (quivered)
 f - 17 bolts
 k - a silver dart
 q - 33 darts
 A - 3 poisoned darts
Armour
 D - a cursed +0 orcish robe (worn)
Comestibles
 b - 2 meat rations
 d - 2 apples
 i - 4 bread rations
 p - a chunk of adder flesh
 B - 2 chunks of jackal flesh
Scrolls
 g - a scroll of magic mapping {unknown}
 j - a scroll of enchant weapon II {unknown}
 o - a scroll of amnesia {unknown}
 E - a scroll of enchant weapon I {unknown}
Jewellery
 w - an uncursed amulet of resist mutation {unknown}
Potions
 h - a potion of cure mutation
 l - 2 potions of curing {unknown}
 s - a potion of agility {unknown}
 z - a potion of restore abilities {unknown}
 C - a potion of might {unknown}
Books
 c - a book of Conjurations

   Spells                             Type                      Level
   *Magic Dart                        Conjuration                  1
   *Force Lance                       Conjuration                  2
   *Dazzling Spray                    Conjuration/Hexes            3
   Iskenderun's Mystic Blast          Conjuration                  4
   Iskenderun's Battlesphere          Conjuration/Charms           4
   Fulminant Prism                    Conjuration/Hexes            5


   Skills:
 * Level 2.2 Fighting
 + Level 1.5 Throwing
 + Level 2.7 Dodging
 - Level 1.1 Stealth
 * Level 3.3 Unarmed Combat
 * Level 2.1 Spellcasting
 * Level 4.1 Conjurations
 * Level 0.3 Hexes


You had 4 spell levels left.
You knew the following spells:

 Your Spells              Type           Power        Failure   Level  Hunger
a - Magic Dart            Conj           ###..        4%          1    #......
b - Force Lance           Conj           ###....      8%          2    ###....
c - Dazzling Spray        Conj/Hex       ##.......    30%         3    ####...


Dungeon Overview and Level Annotations

Branches:
Dungeon (5/27)
 Temple: D:4-7

Altars:
Cheibriados
Vehumet

Annotations
D:2 1 exclusion, Sigmund
D:3 exclusion: jelly


Innate Abilities, Weirdness & Mutations

You are too large for most types of armour.
You have claws for hands.
Your metabolism is lightning-fast.
You like to eat raw meat.
You heal very quickly.
You can eat rotten meat.
You are covered in fur (AC +1).
You have very tough skin (AC +2).


Message History

You hit the wyvern zombie but do no damage.
The wyvern zombie bites you.
You claw the wyvern zombie!
The wyvern zombie is no longer moving slowly.
The wyvern zombie bites you!
Use which ability? (? or * to list)
You fail to use your ability.
The wyvern zombie closely misses you.
Use which ability? (? or * to list)
You fail to use your ability.
The wyvern zombie bites you.
Use which ability? (? or * to list)
You fail to use your ability.
The wyvern zombie bites you!
* * * LOW HITPOINT WARNING * * *
The wyvern zombie bites you!
* * * LOW HITPOINT WARNING * * *
Read which item? (? for menu, Esc to quit)
As you read the scroll of teleportation, it crumbles to dust.
You feel strangely unstable. The wyvern zombie closely misses you.
The wyvern zombie barely misses you. The wyvern zombie bites you!
You die...

##########
.........#
.........#
..........#######
..................
..........##########
...................#
....((..........<..#
........Z@........#
....b.............#
......b.....%.....#
#######..........#
#........_.#
#..........#
#..........#
#..........#
#..........


You could see a wyvern zombie.

Vanquished Creatures
  2 ogres (D:4)
  A giant frog skeleton (D:4)
  A hound (D:4)
  An orc priest (D:3)
  A worker ant (D:4)
  2 scorpions (D:4)
  5 orc wizards
  Ijyb (D:3)
  A gnoll (D:1)
  5 adders
  A giant mite (D:2)
  3 giant geckos
  8 orcs
  6 giant cockroaches
  15 goblins
  7 hobgoblins
  3 quokkas
  4 bats
  6 giant newts
  A hobgoblin skeleton (D:4)
  2 jackals (D:4)
  9 kobolds
  A kobold skeleton (D:4)
  A quokka skeleton (D:4)
  12 rats
  A rat skeleton (D:4)
100 creatures vanquished.

Vanquished Creatures (others)
  A giant newt (D:2)
1 creature vanquished.

Grand Total: 101 creatures vanquished

Notes
Turn   | Place    | Note
--------------------------------------------------------------
     0 | D:1      | Indrah, the Troll Conjurer, began the quest for the Orb.
     0 | D:1      | Reached XP level 1. HP: 16/16 MP: 3/3
    22 | D:1      | Reached skill level 3 in Conjurations
   243 | D:1      | Reached XP level 2. HP: 18/24 MP: 3/3
   696 | D:1      | Learned a level 2 spell: Force Lance
   704 | D:1      | Reached skill level 1 in Unarmed Combat
   704 | D:1      | Reached XP level 3. HP: 27/31 MP: 4/4
  1037 | D:2      | Noticed Sigmund
  1309 | D:2      | Reached XP level 4. HP: 39/39 MP: 5/5
  1493 | D:3      | Noticed Ijyb
  1510 | D:3      | Killed Ijyb
  1575 | D:3      | Reached skill level 1 in Fighting
  1638 | D:3      | Reached XP level 5. HP: 17/45 MP: 5/5
  2362 | D:4      | Found a snail-covered altar of Cheibriados.
  2362 | D:4      | Noticed an ogre
  2397 | D:4      | Killed an ogre
  2397 | D:4      | Reached skill level 1 in Throwing
  2397 | D:4      | Reached XP level 6. HP: 25/54 MP: 1/7
  2432 | D:4      | Became a worshipper of Cheibriados the Contemplative
  2468 | D:4      | Reached skill level 4 in Conjurations
  2752 | D:4      | Reached XP level 7. HP: 55/61 MP: 7/8
  2760 | D:4      | Learned a level 3 spell: Dazzling Spray
  2871 | D:4      | Noticed an ogre
  2883 | D:4      | Killed an ogre
  2883 | D:4      | Acquired Cheibriados' first power
  3135 | D:5      | Entered Level 5 of the Dungeon
  3135 | D:5      | Found a radiant altar of Vehumet.
  3181 | D:5      | Slain by a wyvern zombie

Action                   |  1- 3 |  4- 6 |  7- 9 || total
-------------------------+-------+-------+-------++-------
Melee: Unarmed           |   122 |   193 |    57 ||   372
 Fire: Sling             |       |       |     1 ||     1
Throw: Dart              |       |    14 |    11 ||    25
 Cast: Magic Dart        |     1 |       |       ||     1
       Force Lance       |     1 |     3 |       ||     4
Invok: Bend Time         |       |       |     1 ||     1
  Use: Scroll            |       |     4 |     1 ||     5
 Stab: Distracted        |       |     1 |       ||     1
